[Event "Titled Tuesday Blitz October 31 Early 2023"]
[White "Henriquez Villagra, Cristobal"]
[Black "Pinheiro, Iung Alicio de O."]
[WhiteFideId "3409350"]
[BlackFideId "2104350"]
[WhiteElo "2891"]
[BlackElo "2623"]
[Result "1-0"]
[Round "4"]
[TimeControl "180+1"]
[Date "2023.10.31"]
[WhiteClock "0:00:07"]
[BlackClock "0:00:00"]
[Board "40"]

1. b3 d5 2. Bb2 c6 3. Nf3 Bf5 4. Nh4 Bc8 5. g3 Nf6 6. Bg2 g6 7. d3 Bg7 8. e4 dxe4 9. Bxe4 O-O 10. Bg2 Bg4 11. Qc1 e5 12. O-O Nbd7 13. Nc3 Re8 14. h3 Be6 15. Nf3 h6 16. Re1 Qc7 17. Qd2 Rad8 18. Re2 Nd5 19. Rae1 f5 20. Nh4 Bf7 21. Nxd5 cxd5 22. f4 e4 23. Bxg7 Kxg7 24. c4 Nf6 25. dxe4 dxe4 26. Qc3 Qc5+ 27. Kh2 Qd4 28. Qxd4 Rxd4 29. Bf1 Red8 30. Ng2 Nd7 31. Ne3 Nc5 32. Kg2 a5 33. Rb2 Kf6 34. Kf2 g5 35. Reb1 Rd2+ 36. Ke1 R2d4 37. Rf2 Be6 38. Rbb2 Kg6 39. Rbd2 h5 40. fxg5 Kxg5 41. h4+ Kg6 42. Rxd4 Rxd4 43. Rd2 Rd7 44. Be2 Rxd2 45. Kxd2 b6 46. Ng2 Kf6 47. Nf4 Bf7 48. Ke3 Ke5 49. Nxh5 a4 50. b4 Nb7 51. Nf4 b5 52. cxb5 Bxa2 53. Kd2 a3 54. Kc3 Bf7 55. h5 Nd6 56. h6 Bg8 57. b6 Nb7 58. Kc2 Nd6 59. Kb1 Kd4 60. Ng6 Kc3 61. Ka1 Kxb4 62. Nf8 Kc3 63. h7 Bxh7 64. Nxh7 Kd2 65. Ba6 e3 66. Nf6 e2 67. Bxe2 Kxe2 68. Ne8 Nb7 69. Ng7 Kf3 70. Nxf5 Kg4 71. Nh6+ Kxg3 72. Ka2 Kf4 73. Kxa3 Ke5 74. Kb4 Kd6 75. Kb5 Kd7 76. Ka6 Nd6 77. Ng4 Kc6 78. Ne5+ Kd5 79. Nf7 Kc6 80. Nxd6 Kxd6 81. b7 Kc7 82. Ka7 1-0


[Site "https://www.chess.com"]

[Event "Titled Tuesday Blitz October 31 Early 2023"]
[White "Kovalev, Vladislav"]
[Black "Ahmad, Khagan"]
[WhiteFideId "13504398"]
[BlackFideId "13431552"]
[WhiteElo "2869"]
[BlackElo "2615"]
[Result "1-0"]
[Round "4"]
[TimeControl "180+1"]
[Date "2023.10.31"]
[WhiteClock "0:00:20"]
[BlackClock "0:00:03"]
[Board "41"]

1. e4 c5 2. Nf3 d6 3. Bb5+ Bd7 4. Bxd7+ Qxd7 5. c4 Nf6 6. Nc3 Nc6 7. d4 cxd4 8. Nxd4 g6 9. f3 Bg7 10. Be3 Nxd4 11. Bxd4 O-O 12. O-O Rfc8 13. b3 Qd8 14. Qd2 Qa5 15. Rfd1 Nd7 16. Nd5 Bxd4+ 17. Qxd4 Re8 18. b4 Qd8 19. f4 Rc8 20. e5 dxe5 21. fxe5 Nb6 22. Ne3 Qxd4 23. Rxd4 a5 24. a3 Red8 25. Rad1 Rxd4 26. Rxd4 axb4 27. axb4 Ra8 28. c5 Ra1+ 29. Kf2 Na4 30. Rd7 Rb1 31. Nd5 e6 32. Nf6+ Kg7 33. g4 Rxb4 34. g5 h6 35. Ne8+ Kf8 36. Nd6 hxg5 37. Nxb7 Rc4 38. Rc7 g4 39. Kg3 Kg7 40. c6 Kh6 41. Nd6 Rc3+ 42. Kxg4 g5 43. Nxf7+ Kg6 44. Nd6 Rd3 45. Re7 Rd4+ 46. Kg3 Nb6 47. Rxe6+ Kh5 48. c7 Rd3+ 49. Kf2 Rc3 50. Re7 Nd5 51. c8=Q Rxc8 52. Nxc8 Nxe7 53. Nxe7 Kg4 54. e6 Kh3 55. Nf5 g4 56. e7 Kxh2 57. Ng3 Kh3 58. e8=Q Kh2 59. Qh5# 1-0


[Site "https://www.chess.com"]

[Event "Titled Tuesday Blitz October 31 Early 2023"]
[White "Ginzburg, Yakov"]
[Black "Ashraf, Artin"]
[WhiteFideId "4157176"]
[BlackFideId "22514805"]
[WhiteElo "2613"]
[BlackElo "2832"]
[Result "0-1"]
[Round "4"]
[TimeControl "180+1"]
[Date "2023.10.31"]
[WhiteClock "0:00:00"]
[BlackClock "0:00:33"]
[Board "42"]

1. d4 Nf6 2. c4 g6 3. Nc3 Bg7 4. e4 d6 5. Nf3 O-O 6. Be2 Nbd7 7. O-O e5 8. dxe5 dxe5 9. Bg5 c6 10. Qd2 Qe7 11. Rad1 Nc5 12. a3 Ne6 13. Bh4 Nf4 14. Rfe1 Bg4 15. Qd6 Qxd6 16. Rxd6 Nxe2+ 17. Rxe2 Ne8 18. Rd3 Nc7 19. h3 Bxf3 20. Rxf3 Ne6 21. Rd2 Nd4 22. Rfd3 Bh6 23. Rd1 f6 24. Kf1 Kf7 25. Ne2 c5 26. Nc3 a6 27. Nd5 b5 28. cxb5 axb5 29. Bxf6 c4 30. Rxd4 exd4 31. Rxd4 c3 32. bxc3 Rxa3 33. f4 Ra4 34. Be5 Bg7 35. Nb4 Bxe5 36. fxe5 Ke6+ 37. Ke2 Kxe5 38. Rd5+ Kxe4 39. Rxb5 Ra3 40. Rc5 h6 41. g3 Re8 42. Rb5 Rb3 43. Rc5 Rb2+ 44. Ke1 Kf3+ 45. Kd1 Kxg3 46. Rc6 Rg8 47. Nd5 Kxh3 48. Nf4+ Kg4 49. Nxg6 Rd8+ 50. Kc1 Re2 51. c4 Kg5 0-1


[Site "https://www.chess.com"]

[Event "Titled Tuesday Blitz October 31 Early 2023"]
[White "Molina, Roberto Junio Brito"]
[Black "Dixit, Nikhil"]
[WhiteFideId "2109450"]
[BlackFideId "5059534"]
[WhiteElo "2814"]
[BlackElo "2611"]
[Result "1-0"]
[Round "4"]
[TimeControl "180+1"]
[Date "2023.10.31"]
[WhiteClock "0:00:05"]
[BlackClock "0:00:12"]
[Board "43"]

1. d4 a6 2. e4 g6 3. h4 h5 4. Nc3 b5 5. a4 b4 6. Nd5 a5 7. c3 Nf6 8. Nxf6+ exf6 9. Bd3 Bb7 10. Nf3 c5 11. d5 d6 12. O-O Bg7 13. Bb5+ Nd7 14. Bf4 Qe7 15. Re1 O-O 16. Qd2 Ne5 17. Nxe5 fxe5 18. Bg5 f6 19. Bh6 Bxh6 20. Qxh6 Qg7 21. Qxg7+ Kxg7 22. cxb4 axb4 23. a5 Ba6 24. Bxa6 Rxa6 25. Ra4 Rfa8 26. Rea1 Kf7 27. f3 f5 28. Kf2 f4 29. Ke2 Ke7 30. Kd3 Kd7 31. Kc4 Kc7 32. Kb5 Kb7 33. b3 Ka7 34. g3 Rb8+ 35. Kc4 Rf8 36. Rg1 fxg3 37. Rxg3 Rf6 38. Kb5 Kb7 39. Ra2 Ra8 40. Rag2 Rg8 41. a6+ Ka7 42. Kc6 Rg7 43. Rg1 Kb8 44. Kb6 Ka8 45. Rg5 Rf8 46. Kb5 Rxf3 47. Rxg6 Rxg6 48. Rxg6 Rf8 49. Rxd6 Rc8 50. Kc4 Ka7 51. Re6 Rg8 52. Kxc5 Rg3 53. Kxb4 Rg4 54. Rxe5 Rxh4 55. Ka5 Rh3 56. Re7+ Ka8 57. b4 Ra3+ 58. Kb6 h4 59. Rh7 h3 60. b5 h2 61. Rxh2 Rg3 62. Rh8+ Rg8 63. Rxg8# 1-0


[Site "https://www.chess.com"]

[Event "Titled Tuesday Blitz October 31 Early 2023"]
[White "Alexandre, Anne Shopie Elizabeth"]
[Black "Bodnaruk, Anastasia"]
[WhiteFideId "11902418"]
[BlackFideId "4181751"]
[WhiteElo "2811"]
[BlackElo "2610"]
[Result "1-0"]
[Round "4"]
[TimeControl "180+1"]
[Date "2023.10.31"]
[WhiteClock "0:00:06"]
[BlackClock "0:00:00"]
[Board "44"]

1. e4 c5 2. Nf3 d6 3. Bb5+ Nd7 4. d4 cxd4 5. Qxd4 a6 6. Be2 e5 7. Qe3 Ngf6 8. c4 Be7 9. O-O O-O 10. Nc3 Nc5 11. Rd1 Qc7 12. b3 Ne6 13. g3 b6 14. Bb2 Bb7 15. Rac1 Qc5 16. Qd3 Qc7 17. Qe3 Qc5 18. Qd3 Qc7 19. Nd5 Bxd5 20. cxd5 Nc5 21. Qe3 Qd7 22. Nd2 b5 23. Ba3 Rfc8 24. Kg2 Qb7 25. h3 Rc7 26. Bb4 a5 27. Bxc5 Rxc5 28. Rxc5 dxc5 29. a4 bxa4 30. bxa4 Ne8 31. Nc4 Qc7 32. Rb1 Nd6 33. Nxe5 Bf6 34. Nc6 Re8 35. e5 Bxe5 36. Nxe5 f6 37. Bf3 Rxe5 38. Qc3 c4 39. h4 Re8 40. Qd4 c3 41. Rc1 Rc8 42. Rc2 Qc4 43. Qe3 Qc5 44. Qe6+ Kh8 45. h5 Re8 46. Qd7 h6 47. Qc6 Qxc6 48. dxc6 Rc8 49. Rxc3 Kg8 50. Rc5 Kf7 51. Rxa5 Nc4 52. Ra7+ Ke6 53. Rxg7 Ne5 54. a5 Nxf3 55. Kxf3 Rxc6 56. Rg6 Rc5 57. Rxh6 Rxa5 58. g4 Kf7 59. Rg6 f5 60. g5 Ra4 61. Rf6+ Kg7 62. Rxf5 Rh4 63. h6+ Kg6 64. Re5 Ra4 65. Kg3 Rb4 66. f3 Ra4 67. f4 Ra1 68. Re6+ Kh7 69. Kg4 Rg1+ 70. Kf5 Ra1 71. Re7+ Kg8 72. Rg7+ Kf8 73. Kg4 Ra4 74. Rb7 Kg8 75. g6 1-0


[Site "https://www.chess.com"]

[Event "Titled Tuesday Blitz October 31 Early 2023"]
[White "Karolczuk, Iwo"]
[Black "NelsonLinda"]
[WhiteFideId "21816972"]
[WhiteElo "2809"]
[BlackElo "2600"]
[Result "0-1"]
[Round "4"]
[TimeControl "180+1"]
[Date "2023.10.31"]
[WhiteClock "0:00:02"]
[BlackClock "0:00:10"]
[Board "45"]

1. e4 c5 2. Nf3 e6 3. d4 cxd4 4. Nxd4 Nf6 5. Nc3 d6 6. Be3 Be7 7. g4 d5 8. exd5 Nxd5 9. Nxd5 Qxd5 10. Rg1 O-O 11. Bg2 Qa5+ 12. c3 Rd8 13. Qc2 Nd7 14. Be4 Nf6 15. Bd3 e5 16. Nb3 Qd5 17. O-O-O e4 18. Be2 Qe5 19. Rxd8+ Bxd8 20. Qd2 Be6 21. Bf4 Qd5 22. Qc2 Bb6 23. Rd1 Qc6 24. Nd4 Bxd4 25. Rxd4 Bxg4 26. Rd6 Qc8 27. Bf1 Bh3 28. Be2 Bg4 29. Bf1 Qf5 30. Bg3 Bh3 31. Be2 Bg4 32. Bc4 Bh5 33. Qd2 h6 34. h4 Rc8 35. Bb3 Kh7 36. Rd4 Qf3 37. Bc2 Re8 38. a4 Bg6 39. Kb1 Ng4 40. Qe1 e3 41. Bxg6+ fxg6 42. Rf4 exf2 43. Rxf3 fxe1=Q+ 44. Bxe1 Rxe1+ 45. Ka2 Ne5 46. Rf8 Nc6 47. Rf7 Re7 48. Rf4 Nd8 49. b4 Nf7 50. Rd4 g5 51. h5 g6 52. hxg6+ Kxg6 53. b5 h5 54. a5 h4 55. c4 h3 56. c5 Ne5 57. Re4 Kf5 58. Re1 h2 59. b6 axb6 60. cxb6 Rh7 61. a6 bxa6 62. Rf1+ Ke6 63. Rh1 Nf3 64. Rf1 h1=Q 65. Rxh1 Rxh1 66. b7 Rh8 0-1


[Site "https://www.chess.com"]

[Event "Titled Tuesday Blitz October 31 Early 2023"]
[White "Javakhadze, Zurab"]
[Black "Manukyan, Sargis A."]
[WhiteFideId "13603647"]
[BlackFideId "13303970"]
[WhiteElo "2796"]
[BlackElo "2597"]
[Result "1/2-1/2"]
[Round "4"]
[TimeControl "180+1"]
[Date "2023.10.31"]
[WhiteClock "0:00:06"]
[BlackClock "0:00:12"]
[Board "46"]

1. Nf3 d5 2. g3 Nf6 3. Bg2 e6 4. O-O Be7 5. c4 O-O 6. b3 c5 7. e3 Nc6 8. Bb2 d4 9. exd4 cxd4 10. Re1 Bc5 11. d3 a6 12. Na3 Re8 13. Nc2 a5 14. Ne5 Nxe5 15. Rxe5 Nd7 16. Re1 e5 17. a3 Rb8 18. b4 axb4 19. axb4 Bf8 20. c5 Nf6 21. Na3 Nd5 22. Qb3 Nc7 23. Nc4 Be6 24. Qc2 f6 25. Nb6 Nd5 26. Nxd5 Bxd5 27. Ra7 Bxg2 28. Kxg2 Qd5+ 29. Kg1 b6 30. Ba3 bxc5 31. bxc5 Rec8 32. Rc1 Ra8 33. Rxa8 Rxa8 34. Bb4 Ra2 35. Qc4 Qxc4 36. Rxc4 Ra8 37. c6 Bxb4 38. Rxb4 Rc8 39. Rb6 Kf7 40. Rb7+ Kg6 41. Rb6 h5 42. f4 Kf5 43. fxe5 fxe5 44. Kf2 g5 45. Ke2 Rc7 46. Kd2 Ke6 47. Ra6 Kd5 48. Ra8 Rxc6 49. Rh8 Ra6 50. Rxh5 Ra2+ 51. Kd1 g4 52. Rh4 Kc5 53. Rxg4 Kb4 54. Rg5 Kc3 55. Rxe5 Kxd3 56. Ke1 Rxh2 57. g4 Rg2 58. g5 Rg4 59. Kf2 Kd2 60. Kf3 Rg1 61. Ke4 d3 62. Rd5 Rg3 63. Kf4 Rg2 64. Ke4 Re2+ 65. Kf4 Kc2 66. g6 Rg2 67. Kf5 d2 68. Kf6 Rg3 69. Rxd2+ Kxd2 70. g7 Rf3+ 71. Ke7 Re3+ 72. Kf7 Rf3+ 73. Ke7 Re3+ 74. Kf8 Ra3 75. Kf7 Ra8 76. g8=Q Rxg8 77. Kxg8 1/2-1/2


[Site "https://www.chess.com"]

[Event "Titled Tuesday Blitz October 31 Early 2023"]
[White "Badmatsyrenov, Oleg"]
[Black "Di Nicolantonio, Lucas"]
[WhiteFideId "24115762"]
[BlackFideId "680460"]
[WhiteElo "2786"]
[BlackElo "2594"]
[Result "0-1"]
[Round "4"]
[TimeControl "180+1"]
[Date "2023.10.31"]
[WhiteClock "0:00:00"]
[BlackClock "0:00:03"]
[Board "47"]

1. e4 c6 2. d4 d5 3. Nc3 dxe4 4. Bc4 Nf6 5. f3 exf3 6. Nxf3 Bf5 7. O-O e6 8. Ng5 Bg6 9. Bxe6 fxe6 10. Nxe6 Qa5 11. Qe2 Kd7 12. Bf4 Na6 13. d5 cxd5 14. Nb5 Re8 15. Nbd4 Bc5 16. Nxc5+ Qxc5 17. Be3 Kc8 18. c3 Qc4 19. Qf3 Qd3 20. Qh3+ Kb8 21. Rf3 Ka8 22. a4 Qe4 23. Nb5 Bh5 24. Rg3 Bg4 25. Qh4 h5 26. h3 Bf5 27. Qg5 h4 28. Rf3 Bg6 29. Bxa7 Bh5 30. Rf4 Qe2 31. Rf2 Qc4 32. Bd4 Ne4 33. Qxg7 Rhg8 34. Qf6 Nxf2 35. Qb6 Nxh3+ 36. Kh2 Rxg2+ 37. Kh1 Nf2+ 38. Kxg2 Rg8+ 39. Kh2 Ng4+ 40. Kh1 Nf2+ 41. Bxf2 Bf3+ 42. Kh2 Qf4+ 0-1


[Site "https://www.chess.com"]

[Event "Titled Tuesday Blitz October 31 Early 2023"]
[White "Golizadeh, Asghar"]
[Black "Jia, Haoxiang"]
[WhiteFideId "12505269"]
[BlackFideId "8602999"]
[WhiteElo "2786"]
[BlackElo "2591"]
[Result "1/2-1/2"]
[Round "4"]
[TimeControl "180+1"]
[Date "2023.10.31"]
[WhiteClock "0:00:53"]
[BlackClock "0:01:13"]
[Board "48"]

1. e4 c5 2. Nf3 d6 3. Bb5+ Bd7 4. Bxd7+ Qxd7 5. c4 Nc6 6. Nc3 g6 7. d4 cxd4 8. Nxd4 Bg7 9. Be3 Nf6 10. f3 O-O 11. O-O Rfc8 12. b3 Qd8 13. Qd2 Nd7 14. Rfd1 Nxd4 15. Bxd4 Bxd4+ 16. Qxd4 Qb6 17. Nd5 Qxd4+ 18. Rxd4 Kf8 19. Rad1 Rc5 20. Nc3 a6 21. Na4 Rc6 22. Kf2 b5 23. Nb2 bxc4 24. Rxc4 Rxc4 25. Nxc4 a5 26. Rd5 a4 27. Ra5 Rxa5 28. Nxa5 axb3 29. Nxb3 Nb6 30. Ke3 Ke8 31. Kd4 Kd7 32. f4 Kc6 33. g4 h6 34. h4 Nd7 35. g5 hxg5 36. hxg5 e5+ 37. fxe5 dxe5+ 38. Kc4 f6 39. gxf6 Nxf6 40. Kd3 Kb5 41. Nd2 g5 42. Nf3 g4 43. Nxe5 g3 44. Ke3 g2 45. Kf2 Nxe4+ 46. Kxg2 Nc3 47. a3 Nb1 48. Kf3 Nxa3 1/2-1/2


[Site "https://www.chess.com"]

[Event "Titled Tuesday Blitz October 31 Early 2023"]
[White "Mindlin, Alon"]
[Black "WynnZawHtun82"]
[WhiteFideId "2800071"]
[WhiteElo "2777"]
[BlackElo "2591"]
[Result "0-1"]
[Round "4"]
[TimeControl "180+1"]
[Date "2023.10.31"]
[WhiteClock "0:01:24"]
[BlackClock "0:00:07"]
[Board "49"]

1. e4 e5 2. Nf3 Nc6 3. Nc3 Nf6 4. Bb5 Bb4 5. O-O O-O 6. d3 Bxc3 7. bxc3 d6 8. Re1 Ne7 9. d4 Ng6 10. h3 a6 11. Bf1 Re8 12. g3 h6 13. Bg2 Be6 14. Kh2 Qc8 15. d5 Bd7 16. c4 b6 17. Nd2 a5 18. Nf1 Qa6 19. Ne3 Rab8 20. a4 Rf8 21. Qd3 Qc8 22. Bd2 Qe8 23. Rf1 Bxa4 24. Nf5 Bd7 25. Rae1 Ra8 26. h4 Bxf5 27. exf5 Ne7 28. Kh3 Nd7 29. g4 Nc5 30. Qg3 Qd7 31. f6 Ng6 32. h5 Nf4+ 33. Bxf4 exf4 34. Qxf4 Rfe8 35. fxg7 Kxg7 36. Kh2 f6 37. Re3 Re5 38. Rf3 Qe7 39. Bh3 a4 40. Qd2 a3 41. c3 a2 42. Qc2 Ne4 43. Ra1 Ra3 44. Rxa2 Rxa2 45. Qxa2 Ng5 46. Rg3 Re2 47. Qb1 Rxf2+ 48. Kg1 Qe2 49. Qg6+ Kf8 50. Qxh6+ Ke7 51. Bg2 Qe1+ 52. Kh2 Qe5 53. Qg7+ Nf7 54. Qg6 Rc2 55. Qe4 Qxe4 56. Kh3 Qe5 57. h6 Rxc3 58. Rxc3 Qxc3+ 59. Kh4 Nxh6 60. Kh5 Nf7 61. Kg6 Qg3 62. Be4 Qxg4+ 63. Kh7 Qg5 64. Bg6 Kf8 65. Bxf7 Qg7# 0-1


[Site "https://www.chess.com"]

[Event "Titled Tuesday Blitz October 31 Early 2023"]
[White "Hayrapetyan, Hovik"]
[Black "Hoang, Thi Bao Tram"]
[WhiteFideId "13302639"]
[BlackFideId "12401102"]
[WhiteElo "2773"]
[BlackElo "2591"]
[Result "1-0"]
[Round "4"]
[TimeControl "180+1"]
[Date "2023.10.31"]
[WhiteClock "0:00:35"]
[BlackClock "0:00:18"]
[Board "50"]

1. d4 d5 2. c4 c6 3. Nf3 Nf6 4. Nc3 dxc4 5. a4 Bf5 6. e3 e6 7. Bxc4 Bb4 8. O-O O-O 9. Qe2 Ne4 10. Nxe4 Bxe4 11. Nd2 Bg6 12. Nb3 Nd7 13. Bd2 Be7 14. a5 a6 15. Bc3 Qc7 16. e4 Nf6 17. f3 Rfd8 18. Nc5 Bxc5 19. dxc5 Nd7 20. Qe3 Nf8 21. Rfd1 f6 22. e5 f5 23. Rd6 Bf7 24. Rad1 Rd7 25. Qg5 h6 26. Rxd7 Nxd7 27. Qe7 Rd8 28. Bxe6 Bxe6 29. Qxe6+ Kh8 30. Qe7 Kh7 31. e6 1-0


[Site "https://www.chess.com"]

[Event "Titled Tuesday Blitz October 31 Early 2023"]
[White "Omelja, Artem"]
[Black "Saydaliev, Saidakbar"]
[WhiteFideId "14119846"]
[BlackFideId "14203693"]
[WhiteElo "2583"]
[BlackElo "2771"]
[Result "0-1"]
[Round "4"]
[TimeControl "180+1"]
[Date "2023.10.31"]
[WhiteClock "0:00:00"]
[BlackClock "0:00:20"]
[Board "51"]

1. e4 e5 2. Nf3 Nc6 3. d4 exd4 4. Nxd4 Nf6 5. Nc3 Bb4 6. Nxc6 bxc6 7. Bd3 O-O 8. O-O d5 9. exd5 Bg4 10. f3 Bh5 11. dxc6 Qd4+ 12. Kh1 Bxc3 13. bxc3 Qxc3 14. Rb1 Bg6 15. Bb2 Qxc6 16. Bxf6 Qxf6 17. Bxg6 hxg6 18. Qd3 Qc6 19. Rb3 Rad8 20. Rc3 Qb6 21. Qc4 Rfe8 22. h3 Rd7 23. Qc6 Qxc6 24. Rxc6 Re2 25. Rg1 g5 26. Kh2 Kh7 27. Kg3 f6 28. h4 Kg6 29. hxg5 Kxg5 30. Rc5+ f5 31. Rc6 f4+ 32. Kh3 Kh5 33. g4+ Kg5 34. Rc5+ Kh6 35. Rh5+ Kg6 36. Rf5 Rd4 37. a3 Rf2 38. Rc5 Rxf3+ 39. Kh2 Rd2+ 40. Rg2 Rff2 41. Rxf2 Rxf2+ 42. Kg1 Rd2 43. Rxc7 Kf6 44. Rc5 g5 45. a4 Rd4 46. Kf2 Rxa4 47. Rf5+ Kg6 48. Rc5 Ra3 49. Rc6+ Kf7 50. Rc5 Kf6 51. Rc6+ Ke5 52. Rc5+ Ke4 53. Rxg5 Rc3 54. Rg8 Rxc2+ 55. Ke1 Kf3 56. g5 Kg2 57. g6 f3 58. Rf8 Rc7 59. Rf5 Re7+ 60. Kd2 f2 0-1


[Site "https://www.chess.com"]

[Event "Titled Tuesday Blitz October 31 Early 2023"]
[White "StiffMaster1"]
[Black "Mekhitarian, Krikor Sevag"]
[BlackFideId "2107660"]
[WhiteElo "2574"]
[BlackElo "2771"]
[Result "1-0"]
[Round "4"]
[TimeControl "180+1"]
[Date "2023.10.31"]
[WhiteClock "0:00:06"]
[BlackClock "0:00:00"]
[Board "52"]

1. e4 e6 2. d4 d5 3. Nd2 c5 4. Ngf3 cxd4 5. exd5 Qxd5 6. Bc4 Qd7 7. O-O Nc6 8. Nb3 a6 9. Nbxd4 Nxd4 10. Nxd4 Qc7 11. Qe2 Bd6 12. Kh1 Ne7 13. Rd1 O-O 14. Bxe6 fxe6 15. Nxe6 Qc6 16. Nxf8 Kxf8 17. Bf4 Bxf4 18. Rd8+ Kf7 19. Re1 Bg5 20. Qh5+ Qg6 21. Qf3+ Qf6 22. Qb3+ Be6 23. Rxe6 Rxd8 24. Rxf6+ Kxf6 25. g3 Kg6 26. Qb6+ Nc6 27. Qxb7 Rd6 28. Qxa6 Bf6 29. Qb5 h6 30. a4 Nd4 31. Qe8+ Kh7 32. b4 Re6 33. Qd7 Re2 34. Kg2 Rxc2 35. a5 Rb2 36. Qd6 Ra2 37. a6 h5 38. b5 Nxb5 39. Qd3+ Kh6 40. Qxb5 Bd4 41. h4 Rxf2+ 42. Kh3 Ra2 43. Qc4 Bf6 44. Qxa2 1-0


[Site "https://www.chess.com"]

[Event "Titled Tuesday Blitz October 31 Early 2023"]
[White "Gontcharov, Vladislav"]
[Black "Hamitevici, Vladimir"]
[WhiteFideId "4123492"]
[BlackFideId "13902393"]
[WhiteElo "2574"]
[BlackElo "2753"]
[Result "1/2-1/2"]
[Round "4"]
[TimeControl "180+1"]
[Date "2023.10.31"]
[WhiteClock "0:00:03"]
[BlackClock "0:00:08"]
[Board "53"]

1. d4 d6 2. Nf3 g6 3. e4 Bg7 4. Nc3 c6 5. Be2 b5 6. a3 Nd7 7. O-O Qc7 8. Bf4 e5 9. Bg3 a6 10. Qd2 Ngf6 11. Rfd1 O-O 12. dxe5 dxe5 13. Qd6 Qxd6 14. Rxd6 Bb7 15. Rad1 Nc5 16. Bxe5 Nfxe4 17. Nxe4 Nxe4 18. Bxg7 Kxg7 19. Rd7 Nc5 20. Rc7 Rac8 21. Rxc8 Rxc8 22. b4 Ne6 23. Rd7 Rc7 24. Rxc7 Nxc7 25. Nd4 Ne6 26. Nb3 Bc8 27. g3 f5 28. f4 Kf6 29. Kf2 h6 30. Ke3 g5 31. Nd4 Bd7 32. Bf3 Nd8 33. c3 Ke7 34. Be2 Nf7 35. Bh5 Nd6 36. Be2 Ne4 37. c4 Nd6 38. c5 Ne8 39. Bd3 Kf6 40. Nf3 Nc7 41. Ne5 Be8 42. h4 Nd5+ 43. Kf3 Nc3 44. hxg5+ hxg5 45. Bc2 Nd5 46. Bb3 Bh5+ 47. Kf2 gxf4 48. Nxc6 fxg3+ 49. Kxg3 f4+ 50. Kh4 f3 51. Bxd5 f2 52. Bg2 Bf3 53. Bf1 Bxc6 54. Kg3 Ke5 55. Kxf2 Kd4 56. Bh3 Kc3 57. Bc8 Kb2 58. Bxa6 Kxa3 59. Ke3 Kxb4 60. Kd4 Ka4 61. Bxb5+ Kxb5 62. Ke5 Kxc5 1/2-1/2


[Site "https://www.chess.com"]

[Event "Titled Tuesday Blitz October 31 Early 2023"]
[White "Gorovets, Andrey"]
[Black "Andreev, Konstantin"]
[WhiteFideId "13504037"]
[BlackFideId "24239305"]
[WhiteElo "2752"]
[BlackElo "2569"]
[Result "1-0"]
[Round "4"]
[TimeControl "180+1"]
[Date "2023.10.31"]
[WhiteClock "0:01:17"]
[BlackClock "0:00:02"]
[Board "54"]

1. Nf3 Nf6 2. c4 e6 3. g3 d5 4. Bg2 dxc4 5. O-O a6 6. Qc2 c5 7. Ne5 Nbd7 8. Nxc4 Be7 9. a4 O-O 10. a5 Nd5 11. Nc3 N7f6 12. d3 Bd7 13. Qb3 Rb8 14. Bg5 h6 15. Bxf6 Nxf6 16. Nb6 Qc7 17. Rfc1 Bc6 18. Bxc6 Qxc6 19. Qa4 Qd6 20. Ne4 Nxe4 21. Qxe4 Bf6 22. Nc4 Qd4 23. e3 Qxe4 24. dxe4 Rfd8 25. Ra3 Rd7 26. Kf1 Rbd8 27. Ke2 g5 28. Rb3 Kf8 29. e5 Be7 30. f3 Ke8 31. Ra3 Rd5 32. Raa1 R5d7 33. Rc2 Rd5 34. f4 gxf4 35. gxf4 f6 36. Rg1 Kf7 37. Rg3 Rg8 38. Rxg8 Kxg8 39. Rc1 Kf7 40. Rg1 Rd8 41. Rg3 Rd7 42. Rh3 Kg7 43. Rg3+ Kf7 44. h4 f5 45. h5 Rd8 46. Rg6 Rh8 47. Kf3 Rh7 48. e4 fxe4+ 49. Kxe4 Rh8 50. f5 exf5+ 51. Kxf5 Rd8 52. Rxh6 Rd4 53. b3 Rd3 54. Rb6 Rh3 55. h6 Ke8 56. Ke4 Kd8 57. Kd5 Rh5 58. Rxb7 Rxh6 59. Rb6 Rh3 60. Nd6 Kc7 61. Rb7+ Kd8 62. Kc6 Bxd6 63. exd6 Ke8 64. Rb8+ Kf7 65. d7 1-0


[Site "https://www.chess.com"]

[Event "Titled Tuesday Blitz October 31 Early 2023"]
[White "Guliev, Logman"]
[Black "mind1mover"]
[WhiteFideId "13400061"]
[WhiteElo "2568"]
[BlackElo "2749"]
[Result "0-1"]
[Round "4"]
[TimeControl "180+1"]
[Date "2023.10.31"]
[WhiteClock "0:00:00"]
[BlackClock "0:00:11"]
[Board "55"]

1. e4 Nc6 2. d4 d6 3. Nc3 Nf6 4. Nf3 g6 5. Be2 Bg7 6. O-O O-O 7. h3 a6 8. Be3 b5 9. a3 Bb7 10. e5 Ne8 11. e6 f5 12. d5 Ne5 13. Nxe5 dxe5 14. f4 c6 15. fxe5 cxd5 16. Bf3 Nc7 17. Bb6 Bxe5 18. Re1 Qd6 19. Bxc7 Qxc7 20. Nxd5 Qc5+ 21. Kh1 Bxb2 22. Rb1 Rad8 23. Rxb2 Bxd5 24. Rb4 Bxe6 25. Qe2 Bc4 26. Qxe7 Qxe7 27. Rxe7 Rfe8 28. Rxe8+ Rxe8 29. Rb1 Re3 30. Ra1 Rc3 31. Bb7 a5 32. Ba6 Rxc2 33. Rb1 Rc3 34. Bxb5 Bxb5 35. Rxb5 Rxa3 36. Rb7 f4 37. Kg1 Ra2 38. Ra7 g5 39. Kf1 h6 40. Kg1 a4 41. Kf1 a3 42. Kg1 h5 43. Ra5 g4 44. Rxh5 g3 45. Kf1 Rf2+ 46. Ke1 a2 47. Ra5 Rxg2 0-1


[Site "https://www.chess.com"]

[Event "Titled Tuesday Blitz October 31 Early 2023"]
[White "borocotoajua"]
[Black "Schmakel, Sam"]
[BlackFideId "2039311"]
[WhiteElo "2568"]
[BlackElo "2736"]
[Result "0-1"]
[Round "4"]
[TimeControl "180+1"]
[Date "2023.10.31"]
[WhiteClock "0:00:06"]
[BlackClock "0:00:05"]
[Board "56"]

1. d4 d6 2. Nf3 Bf5 3. c4 Nd7 4. g3 e5 5. Bg2 c6 6. O-O Ngf6 7. Nc3 Be7 8. Nh4 Bg4 9. h3 Bh5 10. Nf5 O-O 11. b3 Bg6 12. Nxe7+ Qxe7 13. Bb2 Rfe8 14. d5 c5 15. e4 a6 16. Kh2 h5 17. Qd2 h4 18. g4 Nh7 19. Bc1 Nhf8 20. Nd1 b5 21. Ne3 Nh7 22. f3 Reb8 23. Rf2 Nb6 24. Bf1 b4 25. Bd3 a5 26. a4 bxa3 27. Rxa3 a4 28. Rg2 axb3 29. Rxb3 Nd7 30. Rxb8+ Rxb8 31. Nf5 Bxf5 32. gxf5 Kh8 33. Qa5 Ndf6 34. Qa6 Nh5 35. Rg4 Nf4 36. Bf1 Rb1 37. Qa3 Nf6 38. Rxh4+ N6h5 39. Qa8+ Kh7 40. Rxh5+ Nxh5 41. Qa3 Qh4 42. Qe3 Qg3+ 43. Kh1 Nf4 44. f6 gxf6 0-1


[Site "https://www.chess.com"]

[Event "Titled Tuesday Blitz October 31 Early 2023"]
[White "Halkias, Stelios"]
[Black "LeoLV10"]
[WhiteFideId "4201809"]
[WhiteElo "2734"]
[BlackElo "2567"]
[Result "1-0"]
[Round "4"]
[TimeControl "180+1"]
[Date "2023.10.31"]
[WhiteClock "0:00:41"]
[BlackClock "0:00:12"]
[Board "57"]

1. Nf3 Nf6 2. c4 c5 3. Nc3 Nc6 4. e3 e6 5. d4 cxd4 6. exd4 d5 7. cxd5 exd5 8. Bb5 Bd7 9. O-O Be7 10. Re1 O-O 11. h3 a6 12. Bxc6 bxc6 13. Ne5 Bd6 14. Bg5 Ra7 15. Qf3 Rc7 16. Rac1 h6 17. Bxf6 gxf6 18. Nxd7 Rxd7 19. Na4 Rc7 20. Nc5 a5 21. Rc3 Kh8 22. Qh5 Kh7 23. Ree3 Rg8 24. Qf5+ Rg6 25. Rf3 Kg7 26. h4 Re7 27. Rce3 Rxe3 28. Rxe3 Qb8 29. b3 Qb4 30. Qc8 Qxd4 31. Ne6+ fxe6 32. Qd7+ Kh8 33. Qxd6 Qd1+ 34. Kh2 Qg4 35. g3 e5 36. Qxc6 d4 37. Rd3 Qe2 38. Rf3 Kg7 39. h5 e4 40. Qd7+ Kg8 41. hxg6 Qxf3 42. Qf7+ 1-0


[Site "https://www.chess.com"]

[Event "Titled Tuesday Blitz October 31 Early 2023"]
[White "chess123456s"]
[Black "NovozhilovSemen"]
[WhiteElo "2552"]
[BlackElo "2730"]
[Result "0-1"]
[Round "4"]
[TimeControl "180+1"]
[Date "2023.10.31"]
[WhiteClock "0:00:06"]
[BlackClock "0:00:13"]
[Board "58"]

1. e4 c5 2. Nf3 Nc6 3. d4 cxd4 4. Nxd4 Nf6 5. Nc3 d6 6. Bg5 e6 7. Qd2 a6 8. O-O-O Bd7 9. f4 b5 10. Bxf6 gxf6 11. Kb1 Qb6 12. Nxc6 Bxc6 13. f5 O-O-O 14. fxe6 fxe6 15. Qf4 Be7 16. g3 Kb8 17. Bh3 b4 18. Ne2 e5 19. Qf3 Qb7 20. Bg2 a5 21. g4 a4 22. Ng3 Rhg8 23. b3 Qa7 24. Rd3 Kc7 25. Nf5 Bf8 26. Rhd1 Ra8 27. R1d2 Rd8 28. h3 h5 29. Ne3 Bh6 30. Rd1 Bf4 31. Nd5+ Bxd5 32. Rxd5 hxg4 33. hxg4 Qe3 34. Qf1 Qb6 35. Qc4+ Kd7 36. Rxd6+ Qxd6 37. Rxd6+ Kxd6 38. Qxb4+ Ke6 39. Qc4+ Ke7 40. Qb4+ Kf7 41. Qxa4 Rd1+ 42. Kb2 Bc1+ 43. Kc3 Rc8+ 44. Kb4 Rd4+ 45. c4 Bd2+ 46. Ka3 Rdd8 47. Qa7+ Kg6 48. b4 Ra8 49. Qxa8 Rxa8+ 50. Kb3 Be3 51. c5 Kf7 52. a4 Ke7 53. Bf1 Rg8 54. Be2 Rh8 55. Kc4 Rh2 56. Bd3 Rb2 57. b5 Bd2 58. c6 Kd6 59. Bf1 Rb4+ 60. Kd3 Rd4+ 61. Kc2 Ba5 62. Kb3 Rb4+ 63. Ka3 Rxe4 64. Bc4 Rxc4 0-1


[Site "https://www.chess.com"]